 Dungeon Crawl Stone Soup version 0.16-a0-3758-g7fc8210 (webtiles) character file.

841 Johnny the Shield-Bearer (level 8, -1/54 HPs)
             Began as an Octopode Fighter on Jan 23, 2015.
             Was an Initiate of the Shining One.
             Slain by an ogre
             ... wielding a +0 giant spiked club
              (20 damage)
             ... on level 4 of the Dungeon.
             The game lasted 00:06:37 (4874 turns).

Johnny the Shield-Bearer (Octopode Fighter)         Turns: 4874, Time: 00:06:37

Health: -1/54      AC:  1    Str: 16    XL:     8   Next: 0%
Magic:  9/9        EV: 13    Int: 10    God:    the Shining One [......]
Gold:   218        SH: 10    Dex: 13    Spells: 0 memorised, 7 levels left

rFire  . . .     SeeInvis .     n - +0 hand axe (elec)
rCold  . . .     Clarity  .     c - +0 shield
rNeg   . . .     SustAb   .     (helmet restricted)
rPois  .         Gourm    .     p - amulet of inaccuracy (curse)
rElec  .         Spirit   .     (no ring)
rCorr  .         Warding  .     (no ring)
rMut   .         Stasis   .     (no ring)
MR     .....                    (no ring)
Stlth  ++........               (no ring)
                                (no ring)
                                (no ring)
                                (no ring)

@: not resistant to hostile enchantments, unstealthy
A: almost no armour, amphibious, 8 rings, constrict 8, camouflage 1, gelatinous
body 1
a: Renounce Religion


You were on level 4 of the Dungeon.
You worshipped the Shining One.
The Shining One was noncommittal.
You were hungry.

You visited 1 branch of the dungeon, and saw 4 of its levels.

You collected 218 gold pieces.

Inventory:

Hand weapons
 a - a +0 long sword
 n - a +0 hand axe of electrocution (weapon)
 r - a -1 hand axe
 z - a +0 dagger of venom
Armour
 c - a +0 shield (worn)
Jewellery
 p - a cursed amulet of inaccuracy (around mantle)
 v - an uncursed amulet of stasis {unknown}
 y - an uncursed amulet of warding {unknown}
Magical devices
 A - a wand of flame (17)
Scrolls
 b - 2 scrolls of teleportation
 o - a scroll of amnesia {unknown}
 q - 3 scrolls of identify {unknown}
 u - a scroll of immolation {unknown}
 x - a scroll of recharging {unknown}
 B - a scroll of enchant armour {unknown}
Potions
 e - 2 potions of might
 f - a potion of flight {unknown}
 g - 4 potions of curing {unknown}
 h - 2 potions of cancellation {unknown}
 k - 2 potions of agility {unknown}
 m - a potion of lignification {unknown}
 s - a potion of resistance {unknown}
 w - a potion of restore abilities {unknown}
Books
 i - a book of Enchantments

   Spells                             Type                      Level
   a - Tukima's Dance                 Hexes                        3
   b - Cause Fear                     Hexes                        4
   c - Silence                        Hexes/Air                    5
   d - Deflect Missiles               Charms/Air                   6
   e - Haste                          Charms                       6
   f - Discord                        Hexes                        8
Comestibles
 d - 4 bread rations
 j - 2 fruits
 l - 3 beef jerkies
 t - 3 slices of pizza


   Skills:
 * Level 4.6 Fighting
 - Level 2.9 Long Blades
 * Level 5.9 Dodging
 * Level 6.2 Shields
 + Level 0.9 Invocations


You had 7 spell levels left.
You didn't know any spells.

Dungeon Overview and Level Annotations

Branches:
Dungeon (4/15)
 Temple: D:4-7

Altars:
Elyvilon
Vehumet
The Shining One


Innate Abilities, Weirdness & Mutations

You cannot wear most types of armour.
You are amphibious.
You can wear up to eight rings at the same time.
You can use your tentacles to constrict many enemies at once.
Your skin changes colour to match your surroundings (Stealth).
Your rubbery body absorbs attacks (AC +1).


Message History

Unknown command.
The ogre barely misses you.
Evoke which item? (* to show all) (? for menu, Esc to quit)
Okay, then.
All of the chunks of flesh in your inventory have rotted away.
You are feeling hungry.
The ogre barely misses you.
You hit the ogre.
The ogre is moderately wounded.
The ogre hits you with a giant spiked club!
You hit the ogre. You squeeze the ogre.
The ogre is heavily wounded.
The ogre closely misses you.
You barely miss the ogre. Your squeeze misses the ogre.
The ogre is heavily wounded.
The ogre hits you with a giant spiked club!
You hit the ogre.
The ogre is heavily wounded.
The ogre hits you with a giant spiked club!!
You die...

####.# #.##.....#####
#.# #.##.#.#.#.... #.#
#............. #.#
####.#.#.#.### #.#
#.....#.# #.# ###.###.#
#.# ###.<.##.#
#.##########...#....#
#.....@O.....#...####
###############.#######
#........ #########


You could see an ogre.

Vanquished Creatures
  3 ogres (D:4)
  A giant frog (D:4)
  2 hounds (D:4)
  3 orc priests (D:4)
  4 orc wizards
  An iguana (D:4)
  10 adders
  4 gnolls (D:2)
  A worm (D:3)
  An adder skeleton (D:4)
  2 giant geckos
  20 orcs
  9 giant cockroaches
  5 goblins
  8 hobgoblins
  2 jackals (D:2)
  4 kobolds
  2 quokkas
  4 ball pythons
  6 bats
  A giant gecko skeleton (D:3)
  4 giant newts
  12 rats
109 creatures vanquished.

Notes
Turn   | Place    | Note
--------------------------------------------------------------
     0 | D:1      | Johnny, the Octopode Fighter, began the quest for the Orb.
     0 | D:1      | Reached XP level 1. HP: 16/16 MP: 1/1
   139 | D:1      | Reached XP level 2. HP: 21/21 MP: 2/2
   536 | D:2      | Reached XP level 3. HP: 13/26 MP: 3/3
   699 | D:2      | Reached XP level 4. HP: 20/31 MP: 4/4
  1008 | D:2      | Reached skill level 4 in Shields
  1707 | D:2      | Reached XP level 5. HP: 31/36 MP: 5/5
  2311 | D:3      | Found a glowing golden altar of the Shining One.
  2333 | D:3      | Became a worshipper of the Shining One
  3107 | D:4      | Reached XP level 6. HP: 17/43 MP: 6/6
  3391 | D:4      | Reached skill level 5 in Shields
  3412 | D:4      | Found a radiant altar of Vehumet.
  3431 | D:4      | Reached skill level 5 in Dodging
  3793 | D:4      | Reached XP level 7. HP: 33/48 MP: 7/7
  3889 | D:4      | Noticed an ogre
  3902 | D:4      | Killed an ogre
  3926 | D:4      | Noticed an ogre
  3933 | D:4      | Killed an ogre
  3987 | D:4      | Reached skill level 6 in Shields
  4249 | D:4      | Found a white marble altar of Elyvilon.
  4589 | D:4      | Reached XP level 8. HP: 27/54 MP: 7/9
  4874 | D:4      | Slain by an ogre

Action                   |  1- 3 |  4- 6 |  7- 9 || total
-------------------------+-------+-------+-------++-------
Melee: Long sword        |    38 |    53 |       ||    91
       Mace              |       |    20 |       ||    20
       Hand axe          |       |    78 |    63 ||   141
  Use: Scroll            |       |     4 |       ||     4
 Stab: Sleeping          |     3 |     5 |       ||     8
       Distracted        |       |     1 |       ||     1
  Eat: Chunk             |       |     9 |     3 ||    12
